 Dungeon Crawl Stone Soup version 0.28-a0-1206-g193881aaa2 (webtiles) character file.

Game seed: 8305636147216444190

410 Bediveer the Covered (level 6, -1/84 HPs)
             Began as a Minotaur Fighter on Dec 20, 2021.
             Slain by an ogre (16 damage)
             ... on level 5 of the Dungeon.
             The game lasted 00:07:58 (3296 turns).

Bediveer the Covered (Minotaur Fighter)             Turns: 3296, Time: 00:07:59

Health: -1/84      AC: 23    Str: 22    XL:     6   Next: 58%
Magic:  5/5        EV:  2    Int:  5    God:
Gold:   168        SH:  5    Dex: 16    Spells: 5/5 levels left

rFire   . . .      SeeInvis .   a - +0 flail
rCold   . . .      Faith    .   c - +0 buckler
rNeg    . . .      Spirit   .   (armour currently unavailable)
rPois   +          Reflect  .   (helmet currently unavailable)
rElec   .          Harm     .   (cloak currently unavailable)
rCorr   .          Rampage  .   (gloves currently unavailable)
Will    .....      NoTele   +   (boots currently unavailable)
Stlth   +.........              (no amulet)
HPRegen 0.24/turn               x - +6 ring of dexterity
MPRegen 0.09/turn               (no ring)

@: mighty, lethally poisoned (-1 -> -5), tree-form
A: stationary, stasis, torment immunity, boosted hp, (horns 2), (retaliatory
headbutt)
a: no special abilities


You were on level 5 of the Dungeon.
You were a tree.
You visited 1 branch of the dungeon, and saw 5 of its levels.

You collected 168 gold pieces.

Inventory:

Hand Weapons
 a - a +0 flail (weapon)
 A - a +4 dagger of protection
Missiles
 f - 44 arrows
 m - 49 bolts
 n - a throwing net (quivered)
 q - 2 boomerangs
 u - 15 poisoned darts
Armour
 b - a +0 scale mail
 c - a +0 buckler (worn)
 k - a +0 plate armour (melded)
 w - a +0 pair of boots (melded)
Jewellery
 x - a +6 ring of dexterity (left branch)
Wands
 y - a wand of iceblast (6)
 z - a wand of charming (6)
Scrolls
 e - a scroll of immolation {unknown}
 l - 3 scrolls of fear
 r - a scroll of blinking {unknown}
 s - a scroll of fog {unknown}
 v - a scroll of vulnerability {unknown}
Potions
 d - a potion of might
 g - 3 potions of attraction {unknown}
 h - 3 potions of mutation {unknown}
 i - 4 potions of curing
 j - a potion of heal wounds {unknown}
 o - a potion of ambrosia {unknown}
 p - 3 potions of lignification
 t - a potion of brilliance {unknown}


   Skills:
 + Level 5.3 Fighting
 * Level 3.3(3.7) Axes
 - Level 2.4(3.3) Maces & Flails
 * Level 2.1 Throwing
 + Level 5.6 Armour
 + Level 0.7 Dodging
 + Level 4.6 Shields


You had 5 spell levels left.
You didn't know any spells.
Your spell library contained the following spells:

 Spells                   Type           Power      Damage    Failure   Level
 Ignite Poison            Fire/Tmut/Pois 0%         N/A       85%         3
 Mephitic Cloud           Conj/Pois/Air  0%         N/A       85%         3
 Fireball                 Conj/Fire      0%         3d3       100%        5
 Freezing Cloud           Conj/Ice/Air   0%         6-21      100%        5
 Iskenderun's Battlesphe  Conj           0%         2d6       100%        5
 Conjure Ball Lightning   Conj/Air       0%         3x3d6     100%        6
 Orb of Destruction       Conj           0%         N/A       100%        7


Dungeon Overview and Level Annotations

Branches:
Dungeon (5/15)
 Temple: D:4-7

Altars:

Annotations:
D:5 Ijyb


Innate Abilities, Weirdness & Mutations

You are a tree.
Your roots penetrate the ground, keeping you stationary.
You cannot be teleported.
You are immune to unholy pain and torment.
Your maximum health is greatly increased.
Your equipment is partially melded.
((You have a pair of horns on your head.))
((You reflexively headbutt those who attack you in melee.))


Message History

An ogre comes into view. It is wielding a +0 giant club.
The ogre shouts!
An adder comes into view.
Found 17 stones.
The adder hisses angrily.
The orc wizard shouts!
An orc comes into view. It is wielding a +1 vorpal flail.
Found a stone staircase leading down.
You feel very mighty all of a sudden.
An orc comes into view. It is wielding a +0 hand axe.
You sock the orc wizard! Your headbutt misses the orc wizard.
The orc wizard is almost dead.
The ogre hits you with a +0 giant club.
The orc wizard points at you and mumbles some strange words.
The magic dart hits you.
You thump the orc wizard!
You kill the orc wizard!
You block the ogre's attack. The adder bites you.
You are poisoned.
The adder poisons you!
You closely miss the adder. Your headbutt misses the adder.
You feel sick. The adder bites you.
* * * LOW HITPOINT WARNING * * *
You are more poisoned.
The adder poisons you! The ogre closely misses you.
The adder bites you but does no damage.
Really quaff the potion of lignification?
You turn into a tree.
Your +0 pair of boots melds into your body.
Your +0 plate armour melds into your body.
Your roots penetrate the ground.
You feel very sick. The orc hits you but does no damage. The adder bites you.
* * * LOW HITPOINT WARNING * * *
The ogre hits you but does no damage.
You bludgeon the adder!!
You kill the adder!
You feel sick.
Ijyb zaps a wand.
Your mind is blasted!
* * * LOW HITPOINT WARNING * * *
The orc completely misses you. The ogre hits you with a +0 giant club!
You die...

# .....(..... ###.
........... #...#
..#....... .....
>.........
......##.........
#....#..#.......
##.....oO#.......
##.... #g)♣....... .
o....##.o......#. ..
#...#........## ..
..#....))....#####..
.............##.....
....#................
....#...............<
#...................
.....................


You could see an ogre, Ijyb and 2 orcs.

Vanquished Creatures
  A necrophage (D:4)
  A bullfrog (D:3)
  A scorpion (D:4)
  An orc priest (D:4)
  An iguana (D:5)
  2 orc wizards
  2 hound skeletons
  3 adders
  2 adder skeletons (D:4)
  A worm (D:3)
  A dart slug (D:2)
  3 orcs
  4 bats
  An endoplasm (D:1)
  4 giant cockroaches
  5 goblins
  4 hobgoblins
  2 quokkas
  2 ball pythons (D:3)
  8 kobolds
  A rat (D:1)
50 creatures vanquished.

Vanquished Creatures (others)
  An orc wizard (D:5)
1 creature vanquished.

Grand Total: 51 creatures vanquished

Notes
Turn   | Place    | Note
-------+----------+-------------------------------------------
     0 | D:1      | Bediveer the Minotaur Fighter began the quest for the Orb.
     0 | D:1      | Reached XP level 1. HP: 19/19 MP: 0/0
   244 | D:1      | Found a faded altar of an unknown god.
   429 | D:2      | Reached XP level 2. HP: 27/27 MP: 1/1
   567 | D:2      | Reached skill level 1 in Axes
  1176 | D:2      | Reached XP level 3. HP: 33/33 MP: 2/2
  1640 | D:3      | Noticed a bullfrog
  1646 | D:3      | Killed a bullfrog
  1647 | D:3      | Reached skill level 1 in Throwing
  1647 | D:3      | Reached XP level 4. HP: 31/41 MP: 3/3
  2478 | D:4      | Noticed a scorpion
  2487 | D:4      | Killed a scorpion
  2488 | D:4      | Reached XP level 5. HP: 38/47 MP: 4/4
  2739 | D:4      | Reached skill level 5 in Armour
  2746 | D:4      | Reached skill level 5 in Fighting
  3069 | D:4      | Noticed a necrophage
  3085 | D:4      | Killed a necrophage
  3086 | D:4      | Reached XP level 6. HP: 51/56 MP: 5/5
  3255 | D:5      | Entered Level 5 of the Dungeon
  3282 | D:5      | Noticed Ijyb
  3296 | D:5      | Slain by an ogre

Illustrated notes

Levels and vault maps discovered:
D:1:      minmay_arrival_jagged, layout_rooms,
          shapermc_ecumenical_altar_mp_urbaneastern
D:2:      layout_basic, nicolae_concentric_dashed_squares_mild,
          kennysheep_generic_room_13
D:3:      layout_loops_ring, serial_forest, infiniplex_forest_clump_small,
          infiniplex_forest_lined_ring, infiniplex_forest_clump_long,
          infiniplex_forest_end_1, infiniplex_forest_lined_3_way,
          infiniplex_forest_corner_2, infiniplex_forest_zigzag_2,
          infiniplex_forest_lined_3, hangedman_glass_teeth
D:4:      layout_rooms
D:5:      layout_cave_pools, uniq_ijyb, uniq_sigmund

Skill      XL: |  1  2  3  4  5  6 |
---------------+-------------------+-----
Fighting       | 4 5 |  5.3
Axes           | 1 2 3 |  3.3
Armour         | 4 5 |  5.6
Shields        | 4 |  4.6
Throwing       | 1 2 |  2.1
Maces & Flails | |  2.4
Dodging        | |  0.7

Action                   |  1- 3 |  4- 6 || total
-------------------------+-------+-------++-------
Melee: Flail             |    53 |    78 ||   131
       Headbutt          |     4 |    10 ||    14
  Use: Scroll            |       |     3 ||     3
       Potion            |       |     2 ||     2
Armor: Scale mail        |     5 |       ||     5
       Plate armour      |    31 |    34 ||    65
       Skin              |       |     2 ||     2
Dodge: Dodged            |    15 |    14 ||    29
Block: Buckler           |     7 |    12 ||    19

Table legend: (Time is in decaauts)
 A = Elapsed time spent in this place.
 B = Non-inter-level travel time spent in this place.
 C = Inter-level travel time spent in this place.
 D = Time resting spent in this place.
 E = Time spent auto-exploring this place.
 F = Levels seen in this place.
 G = Mean time per level.
                   A        B        C        D        E       F      G
               +--------+--------+--------+--------+--------+-----+--------+
         Total |   3328 |   3075 |    253 |    250 |   2439 |   5 |  665.6 |
       Dungeon |   3328 |   3075 |    253 |    250 |   2439 |   5 |  665.6 |
               +--------+--------+--------+--------+--------+-----+--------+

Top non-repeatable levels by time:
     D:3: 1208 daAuts
     D:4: 829 daAuts
     D:2: 818 daAuts
     D:1: 427 daAuts
     D:5: 45 daAuts
